Map: [ESL] Cosmic Sapphire

Players

Harstem - Winner!

  • Race: Protoss Protoss
  • Spawn Location: 5:00

Botvinnik

  • Race: Terran Terran
  • Spawn Location: 11:00

Event: DreamHack SC2 Masters 2022 Valencia

VOD

Have the link to the VOD?

Description

Time

  • Played on: July 1, 2022, 1:33 p.m.
  • Length: 10:47

All games in this series

Show
View Real Time Build Order
Export as new Build Order

Harstem Protoss - Winner!

Build Orders: 1 Gate Expand, Oracle Opening, Phoenix Opening, Colossus Rush 

Get SALT Encoding   

  12  0:00  Probe  
  13  0:12  Probe  
  14  0:18  Pylon  
  14  0:24  Probe (Chrono Boost)  
  15  0:36  Probe (Chrono Boost), Gateway  
  16  0:45  Probe (Chrono Boost), Assimilator  
  17  0:51  Probe  
  18  1:03  Probe  
  19  1:15  Probe  
  20  1:23  Nexus  
  20  1:35  Cybernetics Core  
  20  1:36  Probe  
  21  1:44  Assimilator  
  21  1:49  Probe  
  21  1:53  Pylon  
  22  2:02  Probe  
  23  2:08  Adept (Chrono Boost)  
  23  2:14  Probe  
  26  2:17  Stargate  
  26  2:26  Probe  
  26  2:27  Warp Gate  
  26  2:31  Adept (Chrono Boost)  
  28  2:40  Probe (Chrono Boost)  
  28  2:41  Probe (Chrono Boost)  
  32  2:55  Probe x2 (Chrono Boost)  
  32  2:56  Shield Battery  
  32  3:00  Probe (Chrono Boost)  
  32  3:03  Oracle (Chrono Boost)  
  36  3:08  Probe  
  36  3:12  Probe  
  38  3:16  Stalker  
  40  3:20  Probe  
  40  3:24  Probe  
  42  3:28  Pylon  
  42  3:35  Probe  
  42  3:39  Phoenix (Chrono Boost)  
  45  3:41  Probe  
  45  3:47  Probe  
  47  3:53  Probe, Gateway  
  48  3:59  Probe  
  49  4:04  Robotics Facility  
  49  4:05  Probe  
  50  4:10  Pylon  
  50  4:11  Probe  
  50  4:12  Assimilator  
  50  4:14  Assimilator  
  51  4:18  Pylon  
  51  4:22  Probe  
  52  4:26  Probe  
  53  4:34  Probe (Chrono Boost)  
  54  4:38  Probe (Chrono Boost)  
  54  4:44  Pylon, Phoenix  
  58  4:46  Probe (Chrono Boost)  
  58  4:48  Sentry, Probe (Chrono Boost)  
  58  4:49  Zealot  
  58  4:51  Probe (Chrono Boost)  
  58  4:52  Pylon  
  64  4:53  Observer (Chrono Boost), Probe (Chrono Boost)  
  64  4:54  Robotics Bay  
  67  5:09  Phoenix  
  67  5:12  Immortal (Chrono Boost)  
  72  5:15  Zealot  
  72  5:17  Probe, Shield Battery  
  72  5:19  Probe  
  76  5:24  Forge  
  76  5:31  Gateway  
  76  5:34  Probe  
  79  5:36  Pylon  
  79  5:37  Observer  
  79  5:40  Colossus (Chrono Boost)  
  79  5:43  Extended Thermal Lance  
  79  5:44  Probe  
  79  5:49  Probe  
  85  5:52  Pylon x2  
  85  5:56  Probe  
  86  6:01  Probe  
  87  6:07  Phoenix  
  90  6:15  Protoss Ground Weapons Level 1  
  89  6:22  Nexus  
  89  6:24  Pylon  
  95  6:26  Colossus (Chrono Boost)  
  95  6:32  Probe  
  96  6:35  Phoenix  
  96  6:37  Probe  
  99  6:43  Photon Cannon  
  99  6:44  Probe  
  99  6:45  Pylon  
  100  6:51  Stalker  
  100  6:52  Stalker, Shield Battery  
  104  6:56  Probe x2  
  104  7:00  Phoenix  
  108  7:07  Shield Battery  
  108  7:08  Probe  
  109  7:11  Observer  
  109  7:19  Colossus (Chrono Boost)  
  109  7:26  Stalker  
  109  7:27  Stalker x2  
  122  7:31  Phoenix  
  122  7:36  Shield Battery  
  123  7:43  Shield Battery  
  123  7:55  Probe  
  123  7:56  Phoenix, Probe  
  126  7:59  Pylon  
  126  8:00  Twilight Council, Probe  
  126  8:01  Assimilator  
  126  8:04  Assimilator  
  127  8:06  Pylon  
  127  8:07  Probe  
  127  8:08  Probe  
  127  8:12  Protoss Air Weapons Level 1, Probe  
  130  8:13  Photon Cannon  
  130  8:19  Probe  
  131  8:23  Disruptor (Chrono Boost), Photon Cannon  
  131  8:25  Pylon  
  134  8:27  Probe, Protoss Ground Armor Level 1 (Chrono Boost)  
  134  8:29  Pylon  
  134  8:33  Gateway x2  
  135  8:41  Charge  
  135  8:42  Probe  
  136  8:52  Templar Archives  
  136  8:55  Gateway  
  136  8:59  Disruptor (Chrono Boost)  
  136  9:00  Nexus  
  139  9:12  Pylon, Robotics Facility  
  139  9:13  Zealot x2  
  143  9:17  Pylon  
  143  9:22  Pylon  
  143  9:23  Disruptor (Chrono Boost)  
  143  9:27  Probe  
  143  9:30  Gateway  
  145  9:31  Shield Battery  
  145  9:33  Photon Cannon  
  145  9:38  Stalker, Gateway  
  147  9:42  Zealot x2  
  147  9:45  Shield Battery  
  150  9:49  Probe  
  150  9:52  Disruptor (Chrono Boost)  
  154  9:55  Shield Battery  
  154  9:58  Pylon  
  150  10:07  Stalker x4  
  150  10:08  Stalker x2  
  149  10:36  Zealot x2  
  149  10:37  Zealot x5  
Show
View Real Time Build Order
Export as new Build Order

Botvinnik Terran 

Build Orders: Reaper Expand 

Get SALT Encoding   

  12  0:00  SCV  
  13  0:12  SCV  
  14  0:17  Supply Depot  
  14  0:24  SCV  
  15  0:38  SCV  
  15  0:40  Barracks  
  16  0:44  Refinery  
  16  0:50  SCV  
  17  1:03  SCV  
  18  1:15  SCV  
  19  1:27  Reaper  
  19  1:28  Orbital Command  
  20  1:38  Command Center  
  20  1:52  Supply Depot  
  21  1:54  SCV  
  21  1:59  Marine  
  22  2:08  Factory  
  22  2:13  Bunker  
  22  2:20  Barracks Reactor  
  22  2:21  SCV  
  23  2:25  Refinery  
  22  2:33  SCV  
  22  2:45  SCV  
  23  2:51  Factory Tech Lab  
  23  2:54  Barracks  
  23  2:56  Marine x2  
  23  2:58  SCV  
  26  3:08  Orbital Command  
  26  3:10  SCV  
  26  3:12  Cyclone  
  30  3:16  Marine  
  30  3:17  Marine  
  32  3:23  SCV  
  33  3:35  SCV  
  33  3:38  Marine x2  
  33  3:41  SCV  
  37  3:46  Barracks Tech Lab, Siege Tank  
  40  3:53  Barracks  
  40  3:55  SCV x2  
  44  4:04  Stimpack  
  44  4:05  Marine  
  44  4:07  SCV  
  44  4:09  Supply Depot  
  46  4:10  SCV  
  45  4:17  Marine  
  46  4:29  Marine  
  46  4:30  SCV x2, Marine  
  49  4:33  Supply Depot  
  49  4:34  Starport  
  49  4:35  Marine  
  50  4:40  Factory Reactor  
  50  4:43  Engineering Bay, SCV x2  
  52  4:46  Marine, Supply Depot  
  52  4:49  Marine, Combat Shield  
  54  4:55  SCV x2, Marine  
  54  4:56  Refinery  
  57  5:07  SCV  
  57  5:09  Marine x2  
  57  5:10  Terran Infantry Weapons Level 1  
  57  5:12  SCV, Supply Depot  
  61  5:14  Marauder  
  61  5:19  SCV  
  61  5:20  Refinery  
  66  5:21  Marauder  
  66  5:23  Medivac  
  66  5:25  SCV  
  69  5:34  Medivac  
  69  5:35  Supply Depot  
  71  5:38  Marine x2  
  71  5:41  SCV x2  
  75  5:43  Marauder  
  75  5:47  Supply Depot  
  77  5:56  Marauder  
  79  5:59  Marine x2  
  79  6:03  Medivac  
  83  6:05  Marauder  
  83  6:09  Medivac  
  87  6:16  SCV x2  
  87  6:17  Supply Depot  
  87  6:18  Marauder  
  91  6:19  Command Center  
  91  6:21  Factory Reactor, Marine x2  
  93  6:35  SCV  
  93  6:39  Marauder x2  
  98  6:40  Supply Depot, Marine x2  
  97  6:54  Viking x2, Barracks x2  
  97  6:56  SCV  
  102  7:02  SCV  
  102  7:06  Terran Infantry Armor Level 1  
  102  7:07  Marine x2  
  105  7:14  SCV  
  105  7:17  Starport  
  105  7:21  Marauder x2  
  104  7:24  SCV  
  104  7:25  Marine x2  
  104  7:26  SCV  
  108  7:30  Viking  
  108  7:31  Viking  
  108  7:36  SCV  
  113  7:38  SCV  
  113  7:42  Barracks Reactor  
  113  7:43  Barracks Tech Lab  
  114  7:59  Viking x2  
  114  8:00  Orbital Command  
  114  8:02  Marine x2  
  114  8:03  Marauder x2  
  124  8:15  Supply Depot x2  
  124  8:18  Viking  
  124  8:19  Marauder  
  128  8:21  Viking  
  128  8:25  Marine x3  
  133  8:36  Marine  
  133  8:37  Marauder x2  
  133  8:39  Viking x2  
  141  8:47  Marine x2  
  141  8:48  Marine, Marauder  
  146  8:50  Supply Depot  
  146  8:51  Viking  
  146  8:53  Supply Depot  
  148  8:59  Marine  
  148  9:12  Viking x3, Marauder  
  148  9:13  Supply Depot  
  148  9:15  Marauder  
  157  9:25  Marine x3  
  157  9:26  Marine x2  
  157  9:28  Viking  
  164  9:35  Marauder  
  164  9:36  Marauder  
  168  9:45  Supply Depot  
  168  9:46  Marine x5  
  173  10:01  Viking, Marauder  
  146  10:07  Marine  
  146  10:08  Marauder  
  145  10:18  Marauder  
  145  10:21  Marine x2  

Tags
 
Add a new tag
Caveats
  • Supply blocks, unpowered buildings, or Contaminate may cause inaccurate times.
  • Supply counts are checked every 10 seconds.